Map: Abyssal Reef LE

Players

iPlayDefense

  • Race: Protoss Protoss
  • League: Silver
  • Spawn Location: 5:00

PPersia - Winner!

  • Race: Terran Terran
  • League: Silver
  • Spawn Location: 11:00

VOD

Have the link to the VOD?

Description

Time

  • Played on: April 14, 2025, 1:42 p.m.
  • Length: 6:29
Show
View Real Time Build Order
Export as new Build Order

iPlayDefense Protoss 

Build Orders:  

Get SALT Encoding   

  1  0:00  Probe  
  12  0:05  Probe  
  14  0:15  Probe  
  15  0:23  Pylon  
  15  0:34  Assimilator  
  15  0:45  Probe  
  16  0:52  Gateway  
  16  0:56  Pylon  
  16  0:58  Probe  
  17  1:16  Forge  
  17  1:27  Probe  
  17  1:28  Assimilator  
  18  1:35  Probe  
  19  1:45  Zealot, Probe  
  22  1:58  Probe  
  23  2:03  Zealot  
  23  2:10  Probe  
  26  2:22  Probe  
  27  2:24  Nexus  
  27  2:31  Assimilator  
  27  2:38  Probe  
  28  2:50  Probe  
  29  3:02  Probe  
  30  3:05  Cybernetics Core  
  30  3:15  Pylon  
  30  3:18  Pylon  
  30  3:25  Probe  
  30  3:33  Zealot, Probe  
  33  3:40  Pylon  
  34  3:42  Probe  
  35  3:53  Pylon  
  35  3:54  Probe  
  36  4:00  Zealot  
  38  4:27  Nexus  
  38  4:31  Photon Cannon  
  38  4:33  Photon Cannon  
  38  4:34  Photon Cannon  
  38  4:38  Probe  
  38  4:39  Probe  
  40  4:46  Probe  
  40  4:48  Probe  
  42  4:55  Probe  
  42  4:56  Probe  
  43  5:05  Probe, Photon Cannon  
  43  5:07  Probe, Photon Cannon  
  46  5:19  Probe  
  47  5:22  Pylon  
  47  5:29  Pylon  
  47  5:35  Probe  
  47  5:38  Probe  
  49  5:50  Probe  
  49  5:55  Stargate  
  49  5:57  Stargate  
  50  5:59  Stargate  
  50  6:01  Stargate  
  50  6:10  Photon Cannon  
  50  6:12  Photon Cannon  
  50  6:16  Probe, Photon Cannon  
Show
View Real Time Build Order
Export as new Build Order

PPersia Terran - Winner!

Build Orders:  

Get SALT Encoding   

  12  0:01  SCV  
  13  0:17  Supply Depot  
  13  0:18  SCV  
  14  0:30  SCV  
  15  0:40  Refinery  
  15  0:42  SCV  
  16  0:52  Barracks  
  16  0:54  SCV  
  17  1:04  Refinery  
  17  1:06  SCV  
  18  1:18  SCV  
  19  1:30  SCV  
  20  1:39  Barracks Reactor  
  20  1:42  Supply Depot, SCV  
  21  1:55  Orbital Command  
  21  2:06  Supply Depot  
  21  2:15  Marine x2  
  22  2:20  SCV  
  24  2:32  Supply Depot, SCV  
  24  2:33  Marine x2  
  27  2:44  SCV  
  27  2:51  Marine x2  
  30  2:56  Factory  
  30  3:04  Engineering Bay  
  30  3:08  Marine  
  30  3:09  Marine  
  32  3:26  Marine x2  
  34  3:33  Terran Infantry Weapons Level 1  
  34  3:37  Missile Turret  
  34  3:40  Factory Tech Lab  
  34  3:43  Supply Depot  
  34  3:44  Marine x2  
  36  3:57  Missile Turret  
  36  3:59  Siege Tank  
  36  4:02  Marine x2  
  41  4:08  Armory  
  41  4:19  Missile Turret  
  41  4:20  Marine x2  
  43  4:31  Siege Tank  
  43  4:37  Marine  
  43  4:38  Marine  
  48  4:40  Missile Turret  
  48  4:55  Marine x2  
  48  4:59  Supply Depot  
  50  5:03  Missile Turret  
  50  5:13  Marine x2  
  52  5:22  Siege Tank  
  52  5:25  Starport  
  55  5:31  Marine x2  
  55  5:33  Command Center  
  57  5:42  Missile Turret  
  57  5:49  Marine x2  
  57  6:06  Marine  
  57  6:07  Marine  
Tags
 
Matchup
PvT
Replay Pack
DaveSC2
Spawn Locations
Cross Positions
Add a new tag
Caveats
  • Supply blocks, unpowered buildings, or Contaminate may cause inaccurate times.
  • Supply counts are checked every 10 seconds.